 Dungeon Crawl Stone Soup version 0.24.0-7-gb3623d2c88 (webtiles) character file.

Game seed: 8954488259956400820, levelgen mode: deterministic

278840 night the Executioner (level 19, -2/187 HPs)
             Began as a Minotaur Berserker on Nov 2, 2019.
             Was the Champion of Trog.
             Slain by a titan (31 damage)
             ... on level 2 of the Vaults.
             The game lasted 02:11:15 (44962 turns).

night the Executioner (Minotaur Berserker)         Turns: 44962, Time: 02:11:16

Health: -2/187     AC: 24    Str: 29    XL:     19   Next: 64%
Magic:  13/21      EV: 17    Int: 11    God:    Trog [******]
Gold:   2937       SH:  0    Dex: 11    Spells: 18/18 levels left

rFire    . . .     SeeInvis .   j - +4 executioner's axe (elec)
rCold    + . .     Gourm    .   (shield currently unavailable)
rNeg     . . .     Faith    .   i - +1 ice dragon scales
rPois    .         Spirit   .   E - +2 hat {Int+3}
rElec    .         Reflect  .   R - +2 cloak "Vuqor" {rCorr Int+4}
rCorr    +         Harm     .   G - +1 pair of gloves {archery}
MR       +....                  n - +0 pair of boots
Stlth    ..........             v - amulet of regeneration
HPRegen  0.81/turn              Y - ring of resist corrosion
MPRegen  0.17/turn              x - ring of fire

@: confused
A: retaliatory headbutt, horns 2
}: 2/15 runes: decaying, gossamer
a: Berserk, Trog's Hand, Brothers in Arms, Renounce Religion


You were on level 2 of the Vaults.
You worshipped Trog.
Trog was exalted by your worship.
You were hungry.

You visited 6 branches of the dungeon, and saw 33 of its levels.
You also visited: Sewer, Ice Cave and Volcano.

You collected 2937 gold pieces.

Inventory:

Hand Weapons
 a - the +4 executioner's axe of the Grave {flame, rN+ MR- Int+2 Dex+3}
   (Trog gifted it to you on level 9 of the Dungeon)

   It has been specially enchanted to burn those struck by it, causing extra
   injury to most foes and up to half again as much damage against particularly
   susceptible opponents.
   Big, fiery blades are also staple armaments of hydra-hunters.
   It affects your intelligence (+2).
   It affects your dexterity (+3).
   It protects you from negative energy.
   It affects your resistance to hostile enchantments.
 b - the +4 fustibalus of Jocesur {velocity, Int+3 Dex+3}
   (You found it on level 14 of the Dungeon)

   Any stone fired from it inflicts extra damage.
   It affects your intelligence (+3).
   It affects your dexterity (+3).
 j - a +4 executioner's axe of electrocution (weapon)
 O - a +0 vampiric battleaxe
Missiles
 l - 3 throwing nets
 r - 7 datura-tipped darts
 s - 14 atropa-tipped darts
 y - 15 silver javelins
 C - 21 boomerangs (quivered)
 P - 430 stones
 V - 6 curare-tipped darts
 X - 5 silver boomerangs
Armour
 i - +1 ice dragon scales (worn)
 n - a +0 pair of boots (worn)
 E - a +2 hat of intelligence (worn)
 G - a +1 pair of gloves of archery (worn)
 R - the +2 cloak "Vuqor" (worn) {rCorr Int+4}
   (You found it on level 6 of the Lair of Beasts)

   It affects your intelligence (+4).
   It provides partial protection from all sources of acid and corrosion.
Jewellery
 t - a +4 ring of protection
 v - an amulet of regeneration (around neck)
 x - a ring of fire (right hand)
 W - the ring of Pybb {rPois Int+3}
   (You found it on level 1 of the Vaults)

   [ring of poison resistance]

   It affects your intelligence (+3).
   It protects you from poison.
 Y - a ring of resist corrosion (left hand)
Wands
 p - a wand of iceblast (21)
 u - a wand of clouds (3)
 z - a wand of polymorph (15)
 B - a wand of paralysis (28)
 F - a wand of enslavement (25)
 I - a wand of acid (8)
 K - a wand of digging (4)
Scrolls
 g - 12 scrolls of teleportation
 o - 7 scrolls of fog
 q - 11 scrolls of remove curse
 D - 2 scrolls of silence
 H - a scroll of summoning
 J - 7 scrolls of fear
 L - 6 scrolls of blinking
 M - a scroll of magic mapping
 Q - 3 scrolls of holy word
 Z - 9 scrolls of identify
Potions
 d - 15 potions of curing
 e - a potion of might
 f - 5 potions of ambrosia
 h - 5 potions of resistance
 k - a potion of heal wounds
 m - 5 potions of flight
 w - 8 potions of agility
 A - 9 potions of haste
 S - 2 potions of cancellation
 T - 3 potions of lignification
Miscellaneous
 U - a lamp of fire
Comestibles
 c - 51 rations


   Skills:
 + Level 20.5 Fighting
 - Level 26.0 Axes
 - Level 8.6 Throwing
 + Level 12.6 Armour
 + Level 14.6 Dodging
 + Level 5.1 Evocations


You had 18 spell levels left.
You didn't know any spells.
Your spell library contained the following spells:

 Spells                   Type           Power        Failure   Level  Hunger
 Animate Skeleton         Necr           N/A          56%         1    ##.....
 Confusing Touch          Hex            #.....       56%         1    ##.....
 Freeze                   Ice            #...         56%         1    ##.....
 Infusion                 Chrm           #...         56%         1    ##.....
 Magic Dart               Conj           #...         56%         1    ##.....
 Pain                     Necr           #...         56%         1    ##.....
 Blink                    Tloc           N/A          71%         2    ###....
 Call Imp                 Summ           #.......     71%         2    ###....
 Shroud of Golubria       Chrm/Tloc      #.....       71%         2    ###....
 Slow                     Hex            #.......     71%         2    ###....
 Song of Slaying          Chrm           #.......     71%         2    ###....
 Throw Frost              Conj/Ice       #.....       71%         2    ###....
 Confuse                  Hex            #.......     91%         3    ####...
 Conjure Flame            Conj/Fire      #.......     91%         3    ####...
 Gell's Gravitas          Tloc           #.........   91%         3    ####...
 Mephitic Cloud           Conj/Pois/Air  #.......     91%         3    ####...
 Ozocubu's Armour         Chrm/Ice       #.......     91%         3    ####...
 Regeneration             Chrm/Necr      #.........   91%         3    ####...
 Spectral Weapon          Hex/Chrm       #.......     91%         3    ####...
 Vampiric Draining        Necr           #.........   91%         3    ####...
 Animate Dead             Necr           N/A          100%        4    #####..
 Leda's Liquefaction      Hex/Erth       #.........   100%        4    #####..
 Petrify                  Tmut/Erth      #.......     100%        4    #####..
 Summon Ice Beast         Ice/Summ       #.......     100%        4    #####..
 Throw Icicle             Conj/Ice       #.......     100%        4    #####..
 Bolt of Magma            Conj/Fire/Erth #.........   100%        5    ######.
 Metabolic Englaciation   Hex/Ice        #.........   100%        5    ######.
 Yara's Violent Unravell  Hex/Tmut       #.........   100%        5    ######.
 Iron Shot                Conj/Erth      #.........   100%        6    #######
 Statue Form              Tmut/Erth      #........    100%        6    #######
 Shatter                  Erth           #.........   100%        9    #######


Dungeon Overview and Level Annotations

Branches:
Dungeon (15/15)            Temple (0/1) D:5            Lair (6/6) D:9
  Swamp (4/4) Lair:3       Spider (4/4) Lair:3        Slime (0/5) Lair:5
    Orc (2/2) D:12            Elf (0/3) Orc:2        Vaults (2/5) D:14
  Crypt (0/3) Vaults:2     Depths (0/5) D:15          Sewer (visited)
  IceCv (visited)         Volcano (visited)

Altars:
Elyvilon
Fedhas
Makhleb
Ru
Sif Muna
Uskayaw
Vehumet
Xom
Beogh

Shops:
D:11 :   D:14 [   Orc:2 (:(:}   Vaults:2 ?

Portals:
Trove: D:15 (give +8 demon whip)

Annotations:
Lair:1 3 runed translucent doors, avis's ghost, journeyman VSTm
Lair:3 exclusion: ice statue
Lair:4 2 transporters, exclusion: oklob plant, sirdond's ghost, journeyman MiFi


Innate Abilities, Weirdness & Mutations

You reflexively headbutt those who attack you in melee.
You have a pair of horns on your head.


Message History

The great orb of eyes gazes at you.
You feel your power leaking away. The titan hits you!!
* * * LOW HITPOINT WARNING * * *
The great orb of eyes gazes at you.
You are more confused.
The vault sentinel casts a spell at you.
You barely resist. The titan hits you!!
* * * LOW HITPOINT WARNING * * *
You can move again.
Things that are here:
a +0 arbalest; 15 bolts; a yaktaur corpse
Okay, then.
You slice the vault sentinel!!
Lightning courses through the vault sentinel!!
You kill the vault sentinel!
Trog accepts your kill.
Trog appreciates your killing of a magic user.
You slash the titan! The titan hits you!!
You die...

..# ...# #...# . #...#
..########...#
.............+
.........)...#
.......G)....# .#
.......@C....# ..#
.............###''######
###########)............
#.........#)......[.....
#..#####..#.............
#..#...#..#))...........
#.##...##.')............
#.#.....#.#.............
#.'..>..#.#.............


You could see a titan and a great orb of eyes.

Vanquished Creatures
  the Lernaean hydra (Swamp:4)
  Nikola (Swamp:4)
  Gastronok (Lair:1)
  A sphinx (Vaults:1)
  Agnes (Spider:1)
  Roxanne (Swamp:4)
  A thorn hunter (Swamp:3)
  Kirke (D:14)
  A deep elf sorcerer (Vaults:1)
  3 ghost moths (Spider:4)
  4 vault wardens
  8 emperor scorpions
  Louise (D:14)
  A reaper (IceCv)
  6 very ugly things (Vaults:1)
  8 ironheart preservers
  7 entropy weavers
  A vampire knight (Vaults:2)
  A deep elf demonologist (Vaults:1)
  A deep elf annihilator (Vaults:1)
  An eidolon (Vaults:2)
  An ettin (Vaults:2)
  Josephine (D:14)
  3 fire dragons
  A yaktaur captain (D:15)
  A rakshasa (D:13)
  3 great orbs of eyes (Vaults:1)
  Harold (Lair:2)
  4 vault guards (D:14)
  3 shambling mangroves
  A death knight (D:15)
  7 centaur warriors
  23 hydras
  A catoblepas (Lair:5)
  2 ghost crabs
  Erica (D:8)
  12 alligators
  7 ogre magi
  16 two-headed ogres
  3 tengu warriors
  5 orc high priests (Orc:2)
  7 death yaks
  4 spriggans
  6 deep elf knights
  A fire crab (Volcano)
  9 skeletal warriors
  A fire crab (shapeshifter) (D:15)
  2 unseen horrors
  2 spriggan druids
  12 swamp dragons
  3 deep elf archers
  6 wizards
  A phantasmal warrior (D:15)
  2 lindwurms
  11 ironbrand convokers
  29 wolf spiders
  13 deep elf magi
  18 orc knights
  14 orb spiders
  8 cyclopes
  An orc sorcerer (D:15)
  A moth of wrath (Spider:1)
  4 oklob plants (Lair:5)
  23 ugly things
  17 elephants (Lair:6)
  3 manticores
  A centaur zombie (D:11)
  A guardian serpent (Lair:6)
  4 vault sentinels
  11 black mambas
  A guardian serpent (shapeshifter) (Vaults:1)
  17 spiny frogs
  2 gargoyles (D:14)
  2 ice statues (IceCv)
  8 komodo dragons
  An efreet (D:14)
  A rime drake (Lair:4)
  2 torpor snails
  2 centaur skeletons
  5 freezing wraiths
  8 yaktaurs
  12 demonic crawlers
  10 ice devils (IceCv)
  6 trolls
  2 tengu conjurers
  A jumping spider (shapeshifter) (Vaults:2)
  29 jumping spiders
  A queen bee (Spider:3)
  6 tyrant leeches
  4 polar bears
  19 hornets
  3 meliai (Spider:3)
  3 blink frogs (Lair:4)
  5 bog bodies
  7 dream sheep (Lair:5)
  8 hippogriffs
  Sigmund (D:3)
  18 slime creatures
  A human simulacrum (Vaults:1)
  70 redbacks
  A vampire (D:9)
  10 wraiths
  3 shadows
  22 tarantellas
  9 wyverns
  A hog (D:14)
  The ghost of casual the Chopper, an amateur MiGl (D:4)
  47 yaks
  5 fire bats (Lair:3)
  A human (D:14)
  A hungry ghost (D:10)
  5 basilisks
  14 vampire mosquitoes
  3 steam dragons
  Menkaure (D:6)
  9 insubstantial wisps
  20 water moccasins
  7 wargs
  Edmund (D:4)
  3 acid dragons
  11 swamp worms
  9 porcupines
  3 hell hounds (Volcano)
  11 swamp drakes
  44 orc warriors
  2 black bears
  12 ice beasts
  2 necrophages
  4 sky beasts
  2 phantoms
  6 boggarts
  3 wolves (Lair:2)
  11 crocodiles
  16 ogres
  6 centaurs
  3 big kobolds
  Blork the orc (D:4)
  17 bullfrogs
  A wyvern skeleton (D:12)
  8 scorpions
  30 killer bees
  13 wights
  2 electric eels
  8 howler monkeys
  8 crimson imps
  A lava snake (D:11)
  6 jellies
  2 quasits
  2 bullfrog zombies
  6 hounds
  39 orc priests
  15 orc wizards
  Crazy Yiuf (D:4)
  Jessica (D:2)
  2 bullfrog skeletons
  4 iguanas
  11 worker ants
  Terence (D:3)
  A killer bee zombie (D:6)
  A bullfrog simulacrum (D:4)
  A centaur simulacrum (D:4)
  3 howler monkey skeletons
  3 worker ant zombies
  14 adders
  2 river rats
  4 shadow imps
  10 white imps
  A worker ant simulacrum (D:4)
  9 ufetubi
  9 oozes
  2 adder skeletons
  2 worms
  3 dart slugs
  2 adder simulacra (D:4)
  8 leopard geckos
  98 orcs
  4 ball pythons
  8 bats
  5 giant cockroaches
  9 goblins
  9 hobgoblins
  14 jackals
  16 kobolds
  5 quokkas
  5 frilled lizards
  A jackal simulacrum (D:4)
  A jackal skeleton (D:5)
  A jackal zombie (D:2)
  2 leopard gecko skeletons
  A quokka skeleton (D:4)
  14 rats
  3 fungi
  28 plants
1404 creatures vanquished.

Vanquished Creatures (collateral kills)
  A hydra (Swamp:4)
  A deep elf archer (Vaults:1)
  An orc knight (Orc:2)
  An orc warrior (Orc:2)
4 creatures vanquished.

Vanquished Creatures (others)
  A hornet (Swamp:3)
  A tarantella (Spider:4)
  A spriggan (Swamp:3)
  4 humans (D:14)
  4 ufetubi (IceCv)
  2 bushes (Lair:6)
  36 fungi
  63 plants
  4 toadstools (D:8)
116 creatures vanquished.

Grand Total: 1524 creatures vanquished

Notes
Turn   | Place    | Note
-------+----------+-------------------------------------------
     0 | D:1      | night the Minotaur Berserker began the quest for the Orb.
     0 | D:1      | Reached XP level 1. HP: 19/19 MP: 0/0
    93 | D:1      | Reached skill level 4 in Axes
   109 | D:1      | Reached XP level 2. HP: 22/27 MP: 1/1
   750 | D:1      | Reached XP level 3. HP: 29/33 MP: 2/2
  1012 | D:2      | Reached ** piety under Trog
  1032 | D:2      | Reached skill level 5 in Axes
  1245 | D:2      | Reached XP level 4. HP: 41/41 MP: 3/3
  1526 | D:2      | Noticed Jessica
  1536 | D:2      | Killed Jessica
  1581 | D:2      | Reached skill level 6 in Axes
  1699 | D:3      | Noticed Sigmund
  1823 | D:2      | Reached XP level 5. HP: 46/47 MP: 4/4
  1837 | D:3      | Killed Sigmund
  1837 | D:3      | Reached skill level 5 in Fighting
  1837 | D:3      | Reached skill level 7 in Axes
  1837 | D:3      | Reached XP level 6. HP: 56/56 MP: 5/5
  2084 | D:3      | Noticed Terence
  2090 | D:3      | Killed Terence
  2244 | D:3      | Reached *** piety under Trog
  2441 | D:3      | Found a sacrificial altar of Ru.
  2446 | D:3      | Found a shimmering blue altar of Sif Muna.
  2640 | D:3      | Noticed a hippogriff
  2645 | D:3      | Killed a hippogriff
  2645 | D:3      | Reached skill level 8 in Axes
  2645 | D:3      | Reached skill level 1 in Throwing
  2645 | D:3      | Reached XP level 7. HP: 43/63 MP: 6/6
  3159 | D:4      | Found a runed translucent gate.
  3159 | D:4      | Found a runed translucent gate.
  3159 | D:4      | Found a runed translucent gate.
  3211 | D:4      | Noticed Blork the orc
  3223 | D:4      | Killed Blork the orc
  3407 | D:4      | Noticed Edmund
  3414 | D:4      | Killed Edmund
  3470 | D:4      | Reached skill level 9 in Axes
  3560 | D:4      | Noticed casual's ghost (amateur MiGl)
  3566 | D:4      | Reached **** piety under Trog
  3750 | D:4      | Reached XP level 8. HP: 73/73 MP: 7/7
  3872 | D:4      | Found a runed translucent door.
  3873 | D:4      | Noticed Crazy Yiuf
  3879 | D:4      | Killed Crazy Yiuf
  4013 | D:5      | Entered Level 5 of the Dungeon
  4035 | D:5      | Found a glowing drain.
  4045 | Sewer    | Entered a sewer
  4272 | Sewer    | Found a white marble altar of Elyvilon.
  4481 | D:5      | Reached skill level 10 in Axes
  4483 | D:5      | Reached ***** piety under Trog
  4527 | D:5      | Found a staircase to the Ecumenical Temple.
  4875 | D:6      | Noticed Menkaure
  4881 | D:6      | Killed Menkaure
  4979 | D:6      | Got an ichor-stained ring mail
  5222 | D:6      | Received a gift from Trog
  5370 | D:6      | Reached XP level 9. HP: 80/81 MP: 8/8
  5387 | D:6      | Reached skill level 11 in Axes
  5575 | D:7      | Reached skill level 5 in Throwing
  6019 | D:7      | Found a radiant altar of Vehumet.
  6253 | D:7      | Found a hide-covered altar of Uskayaw.
  6253 | D:7      | Found a burning altar of Makhleb.
  6254 | D:7      | Found a shimmering altar of Xom.
  6498 | D:8      | Reached skill level 12 in Axes
  6607 | D:8      | Noticed Erica
  6627 | D:8      | Killed Erica
  6631 | D:8      | HP: 3/84 [poisoned by Erica (bolt of poison)]
  6956 | D:8      | Noticed a troll
  6958 | D:8      | Killed a troll
  6958 | D:8      | Reached XP level 10. HP: 76/92 MP: 9/9
  7040 | D:8      | Identified the +4 ring mail of Sarumecy {-Cast rElec Str+2
                  | Stlth+} (You found it on level 6 of the Dungeon)
  7053 | D:8      | Noticed a two-headed ogre
  7060 | D:8      | Killed a two-headed ogre
  7060 | D:8      | Reached skill level 10 in Fighting
  7060 | D:8      | Reached skill level 13 in Axes
  7797 | D:9      | Received a gift from Trog
  8425 | D:9      | Received a gift from Trog
  8426 | D:9      | Got a crystal executioner's axe {god gift}
  8427 | D:9      | Identified the +4 executioner's axe of the Grave {flame,
                  | rN+ MR- Int+2 Dex+3} (Trog gifted it to you on level 9 of
                  | the Dungeon)
  8496 | D:9      | Found a staircase to the Lair.
  8785 | D:10     | Entered Level 10 of the Dungeon
  9006 | D:10     | Reached skill level 14 in Axes
  9424 | D:10     | Killed an unseen horror
  9424 | D:10     | Reached XP level 11. HP: 81/101 MP: 10/10
  9646 | Lair:1   | Entered Level 1 of the Lair of Beasts
  9677 | Lair:1   | Found a runed translucent gate.
  9679 | Lair:1   | Found a runed translucent gate.
  9679 | Lair:1   | Found a runed translucent gate.
  9680 | Lair:1   | Noticed avis's ghost (journeyman VSTm)
  9724 | Lair:1   | Noticed Gastronok
  9740 | Lair:1   | Killed Gastronok
  9828 | Lair:1   | Reached skill level 15 in Axes
 11136 | Lair:2   | Noticed Harold
 11140 | Lair:2   | Killed Harold
 11140 | Lair:2   | Reached skill level 16 in Axes
 11743 | Lair:3   | Identified a scroll of acquirement
 11780 | Lair:3   | Reached XP level 12. HP: 112/112 MP: 11/11
 11859 | Lair:3   | Reached skill level 5 in Armour
 11898 | Lair:3   | Found a staircase to the Swamp.
 12110 | Lair:3   | Found a hole to the Spider Nest.
 12327 | Lair:3   | Found a dark tunnel.
 12336 | Volcano  | Entered a volcano
 12664 | Volcano  | Received a gift from Trog
 13529 | Lair:4   | Reached skill level 17 in Axes
 13578 | Lair:4   | Noticed a seven-headed hydra
 13580 | Lair:4   | Noticed sirdond's ghost (journeyman MiFi)
 13583 | Lair:4   | Noticed a seven-headed hydra
 13633 | Lair:4   | Noticed an alligator
 13871 | Lair:4   | Found a transporter.
 13874 | Lair:4   | Found a transporter.
 13914 | Lair:4   | Noticed an eight-headed hydra
 13918 | Lair:4   | Killed a seven-headed hydra
 14203 | Lair:4   | Found a blossoming altar of Fedhas.
 14731 | Lair:5   | Noticed a catoblepas
 14733 | Lair:5   | Noticed a death yak
 14737 | Lair:5   | Killed a death yak
 14742 | Lair:5   | Killed a catoblepas
 14742 | Lair:5   | Reached XP level 13. HP: 88/122 MP: 12/12
 15010 | Lair:5   | Reached skill level 18 in Axes
 15065 | Lair:5   | Found a staircase to the Slime Pits.
 16526 | Lair:6   | Entered Level 6 of the Lair of Beasts
 17090 | Lair:6   | Got a polished cloak
 17250 | Lair:6   | Reached skill level 19 in Axes
 17321 | Lair:6   | Received a gift from Trog
 17702 | Lair:6   | Reached skill level 10 in Armour
 18149 | Lair:6   | Reached ****** piety under Trog
 18149 | Lair:6   | Reached XP level 14. HP: 68/133 MP: 13/13
 18910 | Lair:6   | Reached skill level 15 in Fighting
 19054 | Lair:6   | Received a gift from Trog
 19240 | Lair:6   | Reached skill level 20 in Axes
 20075 | D:11     | Found a frozen archway.
 20082 | IceCv    | Entered an ice cave
 20620 | IceCv    | Got a shimmering hat
 20631 | IceCv    | Identified the cursed +0 hat "Depp" {rPois} (You found it
                  | in an ice cave)
 21565 | IceCv    | Noticed a reaper
 21573 | IceCv    | Killed a reaper
 21930 | IceCv    | Identified the +2 cloak "Vuqor" {rCorr Int+4} (You found it
                  | on level 6 of the Lair of Beasts)
 22149 | D:11     | Received a gift from Trog
 22486 | D:11     | Found Gehiala's Book Emporium.
 22514 | D:11     | Received a gift from Trog
 23162 | D:12     | Got a heavily runed hat
 23174 | D:12     | Identified the +0 hat of the Unseen Realm {Dex+7} (You
                  | acquired it on level 12 of the Dungeon)
 23349 | D:12     | Found a burning altar of Makhleb.
 23543 | D:12     | Reached skill level 5 in Dodging
 23825 | D:12     | Found a staircase to the Orcish Mines.
 23863 | D:12     | Received a gift from Trog
 24005 | D:13     | Reached skill level 21 in Axes
 24009 | D:13     | Reached XP level 15. HP: 63/143 MP: 14/14
 24558 | D:13     | Received a gift from Trog
 25403 | D:14     | Found Esumem's Antique Armour Boutique.
 25662 | D:14     | Paralysed by a wizard for 3 turns
 25779 | D:14     | Noticed Kirke
 25787 | D:14     | Killed Kirke
 25890 | D:14     | Found a gate to the Vaults.
 25961 | D:14     | Got a warped scale mail
 25972 | D:14     | Identified the +1 scale mail of Bad Feelings {Str+9 Int-3
                  | Stlth+} (You found it on level 14 of the Dungeon)
 26163 | D:14     | Noticed Josephine
 26163 | D:14     | Noticed Louise
 26173 | D:14     | Killed Josephine
 26182 | D:14     | Killed Louise
 26367 | D:14     | Received a gift from Trog
 26384 | D:14     | Got a fine fustibalus
 26385 | D:14     | Identified the +4 fustibalus of Jocesur {velocity, Int+3
                  | Dex+3} (You found it on level 14 of the Dungeon)
 26589 | D:15     | Entered Level 15 of the Dungeon
 26657 | D:15     | Reached skill level 22 in Axes
 26658 | D:15     | HP: 7/217 [wraith[a death knight] (7)]
 27398 | D:15     | Found a staircase to the Depths.
 27512 | D:15     | Found a white marble altar of Elyvilon.
 27738 | D:15     | Found a portal to a secret trove of treasure.
 27897 | Orc:1    | Entered Level 1 of the Orcish Mines
 28258 | Orc:2    | Entered Level 2 of the Orcish Mines
 28258 | Orc:2    | Found a roughly hewn altar of Beogh.
 28492 | Orc:2    | Found Iwosog's Weapon Shop.
 28603 | Orc:2    | Found a staircase to the Elven Halls.
 28695 | Orc:2    | Reached XP level 16. HP: 113/155 MP: 15/15
 28905 | Orc:2    | Received a gift from Trog
 29852 | Orc:2    | Found Dywkoxoe's Book Shop.
 29855 | Orc:2    | Found Nyack's Book Shop.
 29856 | Orc:2    | Found Ycuefaola's Gadget Shop.
 29857 | Orc:2    | Found Yshrihoi's Antique Weapon Boutique.
 30099 | Spider:1 | Entered Level 1 of the Spider Nest
 30739 | Spider:1 | Received a gift from Trog
 31004 | Spider:1 | Noticed Agnes
 31007 | Spider:1 | Killed Agnes
 31007 | Spider:1 | Reached skill level 23 in Axes
 31569 | Spider:2 | Reached skill level 10 in Dodging
 32758 | Spider:3 | Received a gift from Trog
 33560 | Spider:3 | Received a gift from Trog
 33716 | Spider:3 | Reached XP level 17. HP: 128/163 MP: 16/16
 34003 | Spider:4 | Entered Level 4 of the Spider Nest
 34857 | Spider:4 | Reached skill level 24 in Axes
 35596 | Spider:4 | Got a gossamer rune of Zot
 35872 | Swamp:1  | Entered Level 1 of the Swamp
 36207 | Swamp:1  | Received a gift from Trog
 37997 | Swamp:3  | Received a gift from Trog
 38580 | Swamp:4  | Entered Level 4 of the Swamp
 38807 | Swamp:4  | Noticed Nikola
 38825 | Swamp:4  | Killed Nikola
 38997 | Swamp:4  | Reached skill level 25 in Axes
 38998 | Swamp:4  | Reached XP level 18. HP: 165/176 MP: 17/17
 39031 | Swamp:4  | Noticed the 27-headed Lernaean hydra
 39045 | Swamp:4  | Killed the 23-headed Lernaean hydra
 39107 | Swamp:4  | Received a gift from Trog
 39260 | Swamp:4  | Got a decaying rune of Zot
 39510 | Swamp:4  | Noticed Roxanne
 39543 | Swamp:4  | Killed Roxanne
 39959 | Vaults:1 | Entered Level 1 of the Vaults
 40215 | D:4      | Killed casual's ghost
 40637 | Vaults:1 | Paralysed by a great orb of eyes for 3 turns
 41056 | Vaults:1 | HP: 8/177 [poisoned by a green very ugly thing]
 41061 | Vaults:1 | HP: 6/177 [poisoned by a green very ugly thing]
 41066 | Vaults:1 | HP: 6/177 [poisoned by a green very ugly thing]
 41072 | Vaults:1 | HP: 7/177 [poisoned by a green very ugly thing]
 41599 | Vaults:1 | Received a gift from Trog
 41917 | Vaults:1 | Reached skill level 26 in Axes
 42175 | Vaults:1 | Reached skill level 1 in Evocations
 42564 | Vaults:1 | Reached XP level 19. HP: 184/184 MP: 19/19
 42725 | Vaults:1 | Identified the ring of Pybb {rPois Int+3} (You found it on
                  | level 1 of the Vaults)
 43038 | Vaults:2 | Received a gift from Trog
 43778 | Vaults:2 | Received a gift from Trog
 43968 | Vaults:2 | Found Keeffic's Magic Scroll Shop.
 43976 | Vaults:2 | Received a gift from Trog
 44218 | Vaults:2 | Paralysed by a vampire knight for 3 turns
 44786 | Vaults:2 | Found a staircase to the Crypt.
 44880 | Vaults:2 | Received a gift from Trog
 44933 | Vaults:2 | Reached skill level 5 in Evocations
 44959 | Vaults:2 | Paralysed by a great orb of eyes for 3 turns
 44962 | Vaults:2 | Slain by a titan

Levels and vault maps discovered:
D:1:      sevenhm_arrival_forest_fort_small_3, layout_loops_ring
D:2:      layout_basic, uniq_jessica
D:3:      minmay_octagon_keep, layout_loops_corners, minitemple, first_ration,
          uniq_sigmund, uniq_terence
D:4:      layout_basic, gammafunk_ghost_icy, uniq_edmund,
          uniq_crazy_yiuf_cottage, uniq_blork_the_orc
D:5:      layout_rooms, minmay_temple_entry_large_hall, portal_sewer_entry_b,
          kennysheep_generic_room_10
D:6:      layout_loops_ring, uniq_menkaure
D:7:      layout_basic, fiery_altar_vehumet, gammafunk_temple_overflow_forgotten
D:8:      layout_basic, grunt_pizzeria, minmay_gold_behind_fungi, uniq_erica
D:9:      layout_irregular_city, lair_entry_dummy, amethyst_killhole
D:10:     layout_basic
D:11:     layout_rooms, portal_ice_cave_entry_pillars_1, serial_shops,
          nicolae_shop_stone, kennysheep_path_1
D:12:     layout_stronghold, orc_0_dummy, basic_altar, minmay_fire_ice_demons
D:13:     layout_loops_ring
D:14:     layout_loops_ring, grunt_vaults_entry_fortified, serial_shops, shop,
          minmay_hollow_rounded_squares, uniq_josephine, uniq_louise, uniq_kirke
D:15:     hangedman_depths_entry_civil_slaughter, layout_rooms, basic_altar,
          nicolae_trove_entry_crystal, lightli_corner_chamber
Lair:1:   layout_long_grid, ebering_ghost_rock_garden,
          chequers_serial_rivers_marsh, chequers_serial_rivers_micro_c,
          minivault_11, uniq_gastronok
Lair:2:   layout_chaotic_city, beast_lair_carwin_1, grunt_megastairs_5,
          lemuel_fruit_tree, infiniplex_staircase_pool, uniq_harold
Lair:3:   layout_gridlike, minmay_swamp_entry_worms,
          spider_nest_entry_web_field, nicolae_volcano_entry_batcave,
          st_stairs_12, ice2_lemuel
Lair:4:   layout_roguey, gammafunk_ghost_arena, tgw_fedhas
Lair:5:   minmay_lair_oklob_tunnel, layout_regular_city,
          nicolae_slime_entry_slimehenge, nicolae_lair_yak_garden,
          serial_bayou_shore_a, grunt_megastairs_3, infiniplex_staircase_pool_2
Lair:6:   hangedman_lair_tendril_chambers, layout_small_grid
Swamp:1:  layout_falls_marsh, hangedman_swamp_ruin_wall
Swamp:2:  layout_basic_swamp, serial_swamp_ruin, evilmike_swamp_ruin_rubble_1,
          evilmike_swamp_ruin_house_1, evilmike_swamp_ruin_house_2
Swamp:3:  layout_falls_marsh, evilmike_swamp_ruin_house_5
Swamp:4:  swamp, layout_basic_swamp, swamp_pool2, uniq_roxanne, uniq_nikola
Spider:1: layout_spider_delve, uniq_agnes
Spider:2: layout_spider_delve, hangedman_spider_tarantella_strand,
          nicolae_spider_cling_ruins
Spider:3: layout_spider_delve, hangedman_spider_mandibles,
          nicolae_looking_at_the_future
Spider:4: guppyfry_spider_rune
Orc:1:    layout_caves, nicolae_orc_sculptors_studio
Orc:2:    st_orc_pillars, layout_diamond_mine, basic_altar, serial_shops,
          nicolae_shop_statue_plus, nicolae_orc_pool_cavern
Vaults:1: st_check, grunt_vaults_swirl, v_misc_26, hangedman_vaults_trim,
          vaults_room_grunt_arrival_ludios, vaults_mumra_hex,
          ontoclasm_vaults_fault, layout_vaults_omnigrid
Vaults:2: nicolae_vaults_little_squares_5, hangedman_vaults_snaps,
          dpeg_vaults_monster_box, vaults_room_pool,
          minmay_crypt_entry_simple_round, v_misc_2, grunt_vaults_hallway_short,
          vaults_standard_mumra_lines, nicolae_vaults_specimen_jars, v_misc_28,
          v_misc_22, serial_ice_g, special_room_vaults [special_room_orc],
          ontoclasm_vaults_decontamination, ontoclasm_vaults_ring_square,
          layout_vaults_omnicross, serial_shops, shop

Skill      XL: |  1  2  3  4  5  6  7  8  9 10 11 12 13 14 15 16 17 18 19 |
---------------+----------------------------------------------------------+-----
Axes           | 4 5 6 7 8 9 10 12 14 16 17 19 21 22 23 25 26 | 26.0
Fighting       | 4 5 6 7 8 9 10 12 13 14 15 17 18 19 20 | 20.5
Throwing       | 1 2 4 6 7 8 |  8.6
Armour         | 4 7 10 11 12 | 12.6
Dodging        | 5 8 10 12 13 14 | 14.6
Evocations     | 2 5 |  5.1

Action                   |  1- 3 |  4- 6 |  7- 9 | 10-12 | 13-15 | 16-18 | 19-21 || total
-------------------------+-------+-------+-------+-------+-------+-------+-------++-------
Melee: Hand axe          |    64 |    89 |   266 |       |       |       |       ||   419
       Headbutt          |    11 |    14 |    60 |    81 |   187 |   262 |    86 ||   701
       Battleaxe         |       |       |    87 |   100 |       |    16 |   186 ||   389
       Executioner's axe |       |       |       |   297 |   926 |  1080 |   136 ||  2439
 Fire: Fustibalus        |       |       |       |       |    21 |     2 |       ||    23
Throw: Dart              |       |       |       |     1 |       |     5 |       ||     6
       Boomerang         |       |       |       |     5 |    77 |    29 |       ||   111
       Throwing net      |       |       |       |       |     2 |       |       ||     2
Invok: Berserk           |     2 |     5 |    12 |     3 |    11 |     8 |       ||    41
       Trog's Hand       |       |       |       |     2 |     4 |     3 |       ||     9
       Brothers in Arms  |       |       |       |       |       |     3 |       ||     3
Evoke: Wand              |       |       |       |       |       |     3 |       ||     3
       Lamp of fire      |       |       |       |       |       |     1 |       ||     1
  Use: Scroll            |       |     3 |     9 |    13 |     7 |     8 |     2 ||    42
       Potion            |       |       |     1 |       |     7 |     4 |     1 ||    13
 Stab: Sleeping          |       |       |       |    12 |     1 |       |       ||    13
       Distracted        |       |       |       |       |     1 |       |       ||     1
       Held in net/web   |       |       |       |       |       |     2 |       ||     2
  Eat: Chunk             |     3 |     9 |    25 |    27 |    38 |    44 |     8 ||   154
       Ration            |       |       |       |     1 |     5 |     3 |       ||     9
Armor: Animal skin       |    11 |       |       |       |       |       |       ||    11
       Ring mail         |     1 |    25 |       |   190 |   133 |       |       ||   349
       Scale mail        |       |    17 |   121 |     1 |       |       |       ||   139
       Ice dragon scales |       |       |       |       |   212 |   629 |   112 ||   953
Dodge: Dodged            |    47 |    35 |   147 |   205 |   437 |   792 |   201 ||  1864
Block: Other             |       |       |     9 |    32 |    84 |    83 |       ||   208
       Reflection        |       |       |       |       |     2 |     1 |       ||     3
